 Dungeon Crawl Stone Soup version 0.28-a0-1236-gb25a51b929 (webtiles) character file.

Game seed: 9068369248882967875

170 Gildeon the Magician (level 5, -4/28 HPs)
             Began as a Deep Elf Fire Elementalist on Dec 25, 2021.
             Killed from afar by an orc wizard (9 damage)
             ... with a puff of flame
             ... on level 3 of the Dungeon.
             The game lasted 00:11:57 (3564 turns).

Gildeon the Magician (Deep Elf Fire Elementalist)   Turns: 3564, Time: 00:11:57

Health: -4/28      AC:  4    Str:  5    XL:     5   Next: 25%
Magic:  1/13       EV: 13    Int: 22    God:
Gold:   133        SH:  0    Dex: 15    Spells: 3/12 levels left

rFire   . . .      SeeInvis .   k - +0 dagger
rCold   . . .      Faith    .   (no shield)
rNeg    . . .      Spirit   .   a - +0 robe
rPois   +          Reflect  .   (no helmet)
rElec   .          Harm     .   p - +0 cloak {rPois}
rCorr   .          Rampage  .   (no gloves)
Will    .....                   d - +0 pair of boots
Stlth   +++.......              (no amulet)
HPRegen 0.09/turn               (no ring)
MPRegen 0.13/turn               (no ring)

@: no status effects
A: no striking features
a: no special abilities


You were on level 3 of the Dungeon.
You visited 1 branch of the dungeon, and saw 3 of its levels.

You collected 133 gold pieces.

Inventory:

Hand Weapons
 k - a +0 dagger (weapon)
 o - a +4 quarterstaff of chaos
Armour
 a - a +0 robe (worn)
 d - a +0 pair of boots (worn)
 p - a +0 cloak of poison resistance (worn)
Scrolls
 c - 2 scrolls of blinking {unknown}
 e - 2 scrolls of teleportation {unknown}
 g - a scroll of fog {unknown}
 i - a scroll of acquirement {unknown}
 j - a scroll of identify {unknown}
Potions
 b - a potion of heal wounds {unknown}
 f - a potion of invisibility {unknown}
 h - a potion of might {unknown}
 l - a potion of resistance {unknown}
 m - a potion of lignification {unknown}
 n - a potion of brilliance {unknown}


   Skills:
 + Level 3.6 Dodging
 + Level 3.9 Stealth
 + Level 4.2 Spellcasting
 + Level 2.6 Conjurations
 + Level 4.1 Fire Magic


You had 3 spell levels left.
You knew the following spells:

 Your Spells              Type           Power      Damage    Failure   Level
a - Foxfire               Conj/Fire      76%        2x1d7     2%          1
b - Scorch                Fire           44%        2d7       3%          2
c - Conjure Flame         Conj/Fire      19%        6-21      9%          3
d - Inner Flame           Hex/Fire       13%        N/A       14%         3

Your spell library contained the following spells:

 Spells                   Type           Power      Damage    Failure   Level
 Corpse Rot               Necr/Air       8%         N/A       17%         2
 Flame Wave               Conj/Fire      19%        2d5       26%         4
 Dispel Undead            Necr           4%         3d7       73%         4
 Death Channel            Necr           2%         N/A       100%        6


Dungeon Overview and Level Annotations

Branches:
Dungeon (3/15)

Altars:
Nemelex Xobeh
Sif Muna
Trog


Message History

The orc wizard closely misses you.
The orc priest looks encouraged for a moment.
Casting: Scorch (safe; 3% risk of failure)
Confirm with . or Enter, or press ? or * to list all spells.
Flames lash the orc.
The orc is heavily wounded.
The orc's fire resistance burns away.
The orc wizard hits you with a +0 dagger.
Casting: Scorch (safe; 3% risk of failure)
Confirm with . or Enter, or press ? or * to list all spells.
Flames lash the orc.
The orc is burned terribly!
You kill the orc!
The orc wizard points at you and mumbles some strange words.
The puff of flame misses you.
The orc priest invokes the aid of Beogh against you.
Beogh smites you!
* * * LOW HITPOINT WARNING * * *
Casting: Scorch (safe; 3% risk of failure)
Confirm with . or Enter, or press ? or * to list all spells.
Flames lash the orc priest.
You kill the orc priest!
The orc wizard hits you with a +0 dagger.
* * * LOW HITPOINT WARNING * * *
Unknown command.
You closely miss the orc wizard.
The orc wizard is moderately wounded.
The orc wizard is no longer more vulnerable to fire.
The orc wizard closely misses you.
You hit the orc wizard but do no damage.
The orc wizard is moderately wounded.
The orc wizard hits you but does no damage.
Casting: Scorch (safe; 3% risk of failure)
Confirm with . or Enter, or press ? or * to list all spells.
You conjure some foxfire!
The orc wizard hits you but does no damage.
Your magical contamination has completely faded away.
Your foxfire dissipates!
The orc wizard gestures at you while chanting.
The puff of flame hits you!
You die...

##...# ##...## ##.
#....# ##'## ...
#....#######...#
.#.
#.###.....(....#
.o #.#
#.######...# o#
#.# #.# ##...## .#
#.###.## #.....#
.# #.##...#
##...###########.#
#......#
##.@.o....))....#
####...#
################
#####


You could see an orc wizard.

Vanquished Creatures
  Crazy Yiuf (D:3)
  A hound (D:3)
  An orc priest (D:3)
  2 adders (D:2)
  2 dart slugs
  3 orcs (D:3)
  5 ball pythons
  7 endoplasms
  A goblin (D:2)
  6 hobgoblins
  5 jackals
  4 quokkas
  8 bats
  7 frilled lizards
  6 kobolds
  5 rats
64 creatures vanquished.

Vanquished Creatures (others)
  92 foxfires
92 creatures vanquished.

Grand Total: 156 creatures vanquished

Notes
Turn   | Place    | Note
-------+----------+-------------------------------------------
     0 | D:1      | Gildeon the Deep Elf Fire Elementalist began the quest for
                  | the Orb.
     0 | D:1      | Reached XP level 1. HP: 10/10 MP: 6/6
   403 | D:1      | Reached XP level 2. HP: 15/15 MP: 5/8
   406 | D:1      | Learned a level 2 spell: Scorch
  1280 | D:2      | Reached XP level 3. HP: 19/19 MP: 6/9
  1286 | D:2      | Learned a level 3 spell: Conjure Flame
  1506 | D:2      | Found a faded altar of an unknown god.
  1600 | D:2      | Learned a level 3 spell: Inner Flame
  2262 | D:3      | Found a sparkling altar of Nemelex Xobeh.
  2321 | D:3      | Found a shimmering blue altar of Sif Muna.
  2460 | D:3      | Found a bloodstained altar of Trog.
  2541 | D:3      | Reached XP level 4. HP: 23/24 MP: 9/11
  2655 | D:3      | Found a runed translucent door.
  2656 | D:3      | Noticed Crazy Yiuf
  2665 | D:3      | Killed Crazy Yiuf
  3167 | D:3      | Reached XP level 5. HP: 25/28 MP: 11/13
  3564 | D:3      | Killed from afar by an orc wizard

Illustrated notes

Levels and vault maps discovered:
D:1:      arrival_zaba_pyramid, layout_basic
D:2:      layout_loops_ring, chequers_ecumenical_altar_island, minmay_vboxes
D:3:      minmay_chambers_of_threes, layout_loops_corners, trog_book,
          nemelex_xobeh_ov_fountains_minmay, lemuel_tele_altar,
          serial_bayou_pond_e, uniq_crazy_yiuf_cottage

Skill      XL: |  1  2  3  4 |
---------------+-------------+-----
Stealth        | 3 |  3.9
Dodging        | 3 |  3.6
Conjurations   | 2 |  2.6
Spellcasting   | 4 |  4.2
Fire Magic     | 4 |  4.1

Action                   |  1- 3 |  4- 6 || total
-------------------------+-------+-------++-------
Melee: Short sword       |     8 |       ||     8
       Dagger            |    16 |    15 ||    31
 Cast: Foxfire           |    53 |     9 ||    62
       Scorch            |       |    10 ||    10
 Stab: Sleeping          |     3 |     3 ||     6
Armor: Robe              |    18 |     5 ||    23
Dodge: Dodged            |    42 |    10 ||    52

Table legend: (Time is in decaauts)
 A = Elapsed time spent in this place.
 B = Non-inter-level travel time spent in this place.
 C = Inter-level travel time spent in this place.
 D = Time resting spent in this place.
 E = Time spent auto-exploring this place.
 F = Levels seen in this place.
 G = Mean time per level.
                   A        B        C        D        E       F      G
               +--------+--------+--------+--------+--------+-----+--------+
         Total |   3565 |   3537 |     28 |    215 |   2776 |   3 | 1188.3 |
       Dungeon |   3565 |   3537 |     28 |    215 |   2776 |   3 | 1188.3 |
               +--------+--------+--------+--------+--------+-----+--------+

Top non-repeatable levels by time:
     D:3: 1390 daAuts
     D:2: 1134 daAuts
     D:1: 1040 daAuts
